Map: Mist Opportunities

Players

wasp

  • Race: Protoss Protoss
  • Spawn Location: 5:00

NamroodTuo

  • Race: Zerg Zerg

VOD

Have the link to the VOD?

Description

Time

  • Played on: May 30, 2023, 3:56 a.m.
  • Length: 30:05
Show
View Real Time Build Order
Export as new Build Order

wasp Protoss 

Build Orders:  

Get SALT Encoding   

  12  0:05  Probe (Chrono Boost)  
  13  0:22  Pylon  
  13  0:27  Probe (Chrono Boost)  
  14  0:41  Probe (Chrono Boost)  
  15  0:51  Pylon  
  15  1:04  Pylon  
  15  1:19  Gateway  
  15  1:30  Gateway  
  15  1:44  Assimilator  
  15  1:47  Assimilator  
  15  1:52  Probe (Chrono Boost)  
  16  2:06  Probe (Chrono Boost)  
  17  2:19  Probe (Chrono Boost)  
  18  2:33  Probe (Chrono Boost)  
  18  2:36  Zealot  
  21  2:40  Zealot  
  21  2:46  Probe (Chrono Boost)  
  24  3:00  Probe (Chrono Boost)  
  25  3:13  Probe (Chrono Boost)  
  25  3:18  Pylon  
  26  3:24  Pylon  
  26  3:27  Probe (Chrono Boost)  
  26  3:29  Zealot  
  29  3:31  Zealot  
  31  3:40  Probe (Chrono Boost)  
  32  3:53  Cybernetics Core  
  32  4:08  Probe (Chrono Boost)  
  33  4:22  Probe (Chrono Boost)  
  34  4:31  Zealot  
  34  4:32  Zealot  
  34  4:33  Zealot  
  34  4:35  Probe (Chrono Boost)  
  41  4:49  Probe (Chrono Boost)  
  42  5:02  Probe (Chrono Boost)  
  43  7:17  Forge  
  43  7:39  Nexus  
  43  7:58  Zealot  
  43  7:59  Zealot  
  47  8:00  Zealot  
  47  8:03  Dragoon  
  47  8:04  Dragoon  
  47  8:05  Dragoon  
  55  9:34  Zealot  
  55  9:35  Zealot x2  
  55  9:36  Zealot  
  55  9:37  Zealot  
  53  10:53  Zealot  
  53  10:55  Zealot  
  53  10:56  Zealot  
  53  10:57  Zealot  
  53  10:58  Zealot  
  53  10:59  Zealot  
  65  11:17  Gateway  
  65  11:19  Gateway  
  65  11:29  Probe (Chrono Boost)  
  66  11:42  Probe (Chrono Boost), Assimilator  
  66  11:48  Assimilator  
  67  11:56  Probe (Chrono Boost)  
  68  12:09  Probe (Chrono Boost)  
  69  12:23  Probe (Chrono Boost)  
  70  12:34  Zealot x2  
  70  12:35  Zealot x3  
  70  12:36  Probe (Chrono Boost)  
  70  12:37  Zealot  
  70  12:39  Dragoon x2  
  87  12:50  Probe (Chrono Boost)  
  88  13:03  Probe (Chrono Boost)  
  89  13:21  Zealot  
  89  13:22  Zealot  
  89  13:24  Zealot  
  89  13:27  Dragoon  
  89  13:28  Dragoon x2  
  91  14:33  Probe (Chrono Boost)  
  92  14:48  Probe (Chrono Boost)  
  93  15:01  Probe (Chrono Boost)  
  94  15:15  Probe (Chrono Boost)  
  95  15:28  Probe (Chrono Boost)  
  96  15:42  Probe (Chrono Boost)  
  95  15:55  Probe (Chrono Boost)  
  96  16:37  Dragoon x2  
  96  16:38  Dragoon x4  
  96  16:39  Dragoon x4  
  116  16:40  Dragoon x2  
  112  17:44  Zealot x2  
  112  17:45  Zealot x4  
  112  17:46  Zealot x2  
  128  18:04  Protoss Ground Weapons Level 1  
  128  18:29  Protoss Air Weapons Level 1  
  128  19:33  Zealot  
  128  19:34  Zealot x2  
  128  19:35  Zealot  
  128  19:36  Zealot x2  
  128  19:38  Zealot  
  128  19:39  Zealot  
  144  19:44  Dragoon x2  
  144  19:45  Dragoon  
  144  19:46  Dragoon  
  152  20:44  Protoss Ground Armor Level 1  
  152  21:09  Protoss Air Armor Level 1, Twilight Council  
  152  21:17  Pylon  
  142  22:56  Protoss Shields Level 1  
  142  23:28  Charge  
  112  24:07  Stargate  
  92  24:11  Stargate  
  76  24:26  Templar Archives  
  76  24:28  Singularity Charge  
  62  24:34  Robotics Facility  
  62  24:35  Robotics Facility  
  46  24:50  Pylon  
  46  24:54  Pylon  
  46  24:57  Protoss Ground Weapons Level 2  
  44  25:01  Pylon  
  44  25:07  Pylon  
  44  25:22  Psionic Storm  
  44  25:28  Whirlwind  
  44  25:36  High Templar  
  44  25:37  High Templar  
  44  25:38  High Templar x2  
  44  25:39  High Templar x4  
  60  25:40  High Templar x4  
  68  25:52  Archon  
  68  25:53  Archon x3  
  68  25:54  Archon x2  
  68  26:22  Khaydarin Amulet  
  68  26:40  Dragoon x3  
  68  26:41  Dragoon  
  76  26:58  Trillic Compresion Mesh  
  76  27:14  High Templar  
  78  27:45  High Templar  
  78  27:47  Zealot  
  78  27:48  Zealot  
  84  27:52  Archon  
  84  28:42  Immortal x2  
  84  28:43  Immortal  
  84  28:44  Immortal x2  
  84  28:49  Observer  
  105  28:54  Zealot x2  
  105  28:55  Zealot x4  
  105  28:56  Zealot x2  
  105  28:57  Zealot  
  105  28:58  Zealot  
Show
View Real Time Build Order
Export as new Build Order

NamroodTuo Zerg 

Build Orders:  

Get SALT Encoding   

  12  0:19  Infested Barracks  
  12  0:25  Infested SCV  
  13  0:33  Infested SCV  
  13  0:38  Infested SCV  
  15  0:51  Overlord  
  15  1:17  Infested SCV  
  16  1:21  Infestation Level 1  
  16  1:26  Infested SCV  
  17  1:33  Infested SCV  
  18  1:42  Infested SCV  
  19  1:52  Infested SCV  
  19  1:53  Infested Refinery  
  19  1:59  Overlord  
  20  2:09  Infested SCV  
  21  2:27  Infested SCV  
  22  2:41  Infested SCV  
  23  3:02  Infested Command Center  
  23  3:09  Overlord  
  23  3:15  Infested SCV  
  24  3:38  Infested SCV  
  25  3:53  Infested Bunker  
  25  3:58  Infested Barracks Tech Lab  
  29  4:01  Infested SCV  
  29  4:04  Overlord  
  30  4:16  Anaerobic Enhancement  
  30  4:22  Infested SCV  
  30  4:27  Infested Refinery  
  31  4:37  Infested SCV  
  31  4:39  Infested Engineering Bay  
  32  5:16  Infested Command Center  
  32  5:32  Retinal Augmentation  
  32  5:35  Stukov Infantry Weapons Level 1  
  32  5:59  Infested SCV  
  33  6:24  Infested SCV  
  33  6:25  Infested SCV  
  33  6:26  Infested SCV  
  33  6:29  Infested SCV x3  
  39  6:31  Infested SCV  
  39  6:32  Infested SCV  
  41  6:44  Infested Bunker  
  41  6:45  Infested Missile Turret  
  45  6:53  Plagued Munitions  
  45  7:06  Infested SCV, Infested Refinery  
  45  7:07  Infested SCV  
  47  7:12  Overlord x2  
  47  7:14  Overlord  
  47  8:10  Infested Marine  
  47  8:11  Infested Marine x17  
  47  8:12  Infested Marine x2  
  47  8:16  Infestation Level 2  
  47  8:19  Stukov Infantry Armor Level 1  
  67  8:23  Overlord  
  67  8:24  Overlord  
  60  9:18  Infested Bunker  
  68  9:20  Infested Bunker  
  68  10:01  Infested SCV x3  
  68  10:02  Infested SCV x2  
  60  10:16  Broodling Gestation  
  60  10:19  Infested Marine  
  61  10:20  Infested Marine x17  
  61  10:24  Infested SCV  
  61  10:25  Infested SCV x2  
  61  10:26  Overlord  
  61  10:27  Infested SCV  
  82  10:41  Infested Factory  
  82  10:45  Infested SCV x2  
  84  10:59  Infested Bunker, Regenerative Plating  
  92  11:03  Infested Bunker  
  92  11:13  Unknown  
  88  12:03  Infested Barracks  
  80  12:13  Infested Bunker  
  78  12:38  Stukov Infantry Armor Level 2  
  82  12:44  Infested Bunker  
  82  13:21  Infested Marine  
  82  13:22  Infested Marine x23  
  104  14:00  Infested SCV x2  
  104  14:08  Infested Armory  
  106  14:43  Infested Marine  
  106  14:44  Infested Marine x4  
  109  15:05  Overlord x5  
  109  15:06  Overlord x2  
  109  15:07  Overlord x3  
  109  15:18  Infested Marine  
  109  15:19  Infested Marine x17  
  107  15:20  Infested Marine x3  
  110  15:48  Stukov Infantry Weapons Level 2  
  89  16:46  Infested Marine  
  89  16:47  Infested Marine x14  
  89  16:48  Infested Marine x22  
  122  16:54  Stukov Vehicle and Ship Weapons Level 1  
  122  16:59  Infestation Level 3  
  121  17:06  Infested Factory Tech Lab  
  121  17:10  Infested Factory  
  121  17:13  Infested SCV  
  121  17:14  Infested SCV x3  
  121  17:15  Aggressive Incubation  
  121  17:16  Overlord  
  115  17:50  Infested Marine x4  
  115  17:51  Infested Marine x21  
  126  18:05  Infested Barracks  
  119  18:11  Infested Marine  
  119  18:12  Infested Marine x7  
  121  18:27  Infested Barracks  
  121  18:29  Infested Marine  
  122  18:30  Infested Marine x7  
  118  18:52  Infested Refinery  
  118  18:58  Stukov Infantry Armor Level 3  
  103  19:17  Overseer  
  103  19:18  Overseer x6  
  102  19:21  Overlord x4  
  102  19:22  Overlord  
  102  19:34  Stukov Vehicle and Ship Armor Level 1  
  106  19:58  Infested Bunker  
  96  21:14  Infested Bunker  
  96  21:30  Infested Marine  
  96  21:31  Infested Marine x18  
  96  21:32  Infested Marine x19  
  96  21:33  Infested Marine x16  
  150  21:49  Saturated Cultures  
  150  21:53  Infested Factory Tech Lab  
  150  22:13  Stukov Vehicle and Ship Weapons Level 2  
  148  22:38  Calcified Armor  
  147  22:49  Caustic Mucus  
  104  23:37  Stukov Infantry Weapons Level 3  
  112  23:40  Infested Bunker x2  
  120  23:50  Infested Bunker  
  120  23:57  Infested Marine x8  
  120  23:58  Infested Marine x25  
  120  23:59  Infested Marine x7  
  160  24:03  Overseer  
  160  24:33  Infested Bunker  
  160  24:35  Infested Bunker  
  160  24:43  Automated Mitosis  
  160  24:48  Infested Diamondback  
  160  24:49  Infested Diamondback x9  
  187  25:06  Infested Bunker  
  168  25:43  Acidic Enzymes  
  149  28:57  Infested Diamondback  
  149  28:58  Infested Diamondback x9  
Tags
 
Add a new tag
Caveats
  • Supply blocks, unpowered buildings, or Contaminate may cause inaccurate times.
  • Supply counts are checked every 10 seconds.